Cogmind - Beta 14 @@@ ROGUE MODE // 2024.08.14 @ 19:35:43 Player: JohnnyDongs Result: Destroyed by H-55 Commando with Gauss Rifle Performance ------------- Evolutions (1) 500 Regions Visited (5) 1000 Robots Destroyed (56) 280 Value Destroyed (1791) 1791 Prototype IDs (29) 580 Alien Tech Used (0) 0 Bonus (383) 383 TOTAL SCORE: 4534 Bonus ------- High Alert Combat Kills 83 Aligned with FarCom 300 Cogmind --------- Core Integrity 0/400 Matter 215/300 Energy 88/100 System Corruption 8% Temperature Warm (124) Movement Walking (120) Location -9/Exiles Parts ------- > --- POWER (1) -------- (None) > --- PROPULSION (4) --- Aluminum Leg > --- UTILITY (2) ------ (None) > --- WEAPON (2) ------- (None) > --- INVENTORY (5) ---- Flak Cannon Flak Cannon Peak State ------------ > --- POWER ------------ Improved Ion Engine > --- PROPULSION ------- Light Treads Light Treads Light Treads Light Treads > --- UTILITY ---------- Cooling System Cooling System > --- WEAPON ----------- Firepult > --- INVENTORY -------- Hardened Medium Armor Plating Flak Cannon Flak Cannon Flak Cannon Flak Cannon [Rating: 31] Favorites ----------- Power Improved Ion Engine Engine Improved Ion Engine Power Core Micro Nuclear Core Propulsion Light Treads Treads Light Treads Leg Aluminum Leg Hover Unit Gravmag System Flight Unit Improved Flight Unit Utility Hardened Medium Armor Plating Device Cooling System Protection Hardened Medium Armor Plating Weapon Flak Cannon Energy Gun EM Pulse Gun Energy Cannon Firepult Ballistic Gun Assault Rifle Ballistic Cannon Flak Cannon Build | -11 -10 -10 -9 -9 -9 ------- Run | Yrd Mat Min Mat Min Exi Slots Evolved 2 | . . . 2 . . Power . | . . . . . . Propulsion 2 | . . . 2 . . Utility . | . . . . . . Weapon . | . . . . . . Parts Attached 47 | 6 3 4 23 . 11 Power 5 | 2 . . 2 . 1 Engine 4 | 2 . . 2 . . Core 1 | . . . . . 1 Reactor . | . . . . . . Propulsion 20 | 2 . 4 12 . 2 Treads 12 | 2 . 2 8 . . Leg 1 | . . . . . 1 Wheel . | . . . . . . Hover 1 | . . . . . 1 Flight 6 | . . 2 4 . . Utility 13 | . 2 . 7 . 4 Device 9 | . 1 . 5 . 3 Storage . | . . . . . . Processor . | . . . . . . Hackware . | . . . . . . Protection 4 | . 1 . 2 . 1 Artifact . | . . . . . . Weapon 9 | 2 1 . 2 . 4 Energy Gun 1 | 1 . . . . . Energy Cannon 2 | . . . . . 2 Ballistic Gun 2 | 1 1 . . . . Ballistic Cannon 4 | . . . 2 . 2 Launcher . | . . . . . . Special Weapon . | . . . . . . Impact Weapon . | . . . . . . Slashing Weapon . | . . . . . . Piercing Weapon . | . . . . . . Special Melee Weapon . | . . . . . . Unidentified Prototypes 2 | . . . 2 . . Parts Lost 15 | . . . 1 . 14 Power 2 | . . . . . 2 Propulsion 5 | . . . . . 5 Utility 5 | . . . 1 . 4 Weapon 3 | . . . . . 3 Highest Loss Streak 14 | . . . 1 . 14 To Critical Strikes 2 | . . . . . 2 Average Slot Usage (%) 96 | . 82 100 99 100 91 Engine 11 | . 14 14 11 11 9 Treads 38 | . 28 26 40 44 40 Flight 2 | . . 1 3 . . Device 12 | . 7 14 12 11 13 Protection 8 | . 3 14 8 11 7 Ballistic Gun 3 | . 18 28 . . . Ballistic Cannon 17 | . . . 21 22 16 Peak Build Rating 31 | 5 7 8 28 18 31 Average Rating 17 | 3 5 7 19 18 20 On Entrance 9 | . 5 7 8 18 18 Naked Turns . | . . . . . . Heaviest Build 33 | 7 12 12 30 29 33 Greatest Support 80 | 40 40 40 80 80 80 Greatest Overweight (x) 9 | . . 1 3 . 9 Average Overweight (x) . | . . . . . . Largest Inventory Capacity 5 | 5 5 5 5 5 5 Average Capacity 5 | 5 5 5 5 5 5 Most Carried 5 | 1 2 5 5 5 5 Average Carried 3 | . 1 3 4 5 4 Final Capacity 5 | 5 5 5 5 5 5 Final Carried 5 | 1 2 5 5 5 2 Class Distribution -------------------- 52% | Mutant 47% | Scavenger-Mutant Dominant Class ---------------- Mutant | -10/Materials Mutant | -10/Mines Mutant | -9/Materials Scavenger-Mutant | -9/Mines Scavenger-Mutant | -9/Exiles Resources | -11 -10 -10 -9 -9 -9 ----------- Run | Yrd Mat Min Mat Min Exi Matter Collected 1512 | 224 60 13 1079 19 117 Remotely . | . . . . . . Salvage Created 1549 | . 60 . 831 19 639 Parts 84 | . 2 . 56 3 23 Haulers Intercepted 3 | . 1 . 2 . . Recyclers Shooed 2 | . . . 2 . . Parts Field Recycled . | . . . . . . Retrieved Matter . | . . . . . . Parts Self-Destructed . | . . . . . . Prevented . | . . . . . . Kills | -11 -10 -10 -9 -9 -9 ------- Run | Yrd Mat Min Mat Min Exi Combat Hostiles Destroyed 49 | . . . 29 4 16 Cannons 38 | . . . 28 4 6 AOE 7 | . . . 1 . 6 Classes Destroyed 11 | . 1 . 7 . 3 Builder 1 | . . . 1 . . Hauler 3 | . 1 . 2 . . Recycler 2 | . . . 2 . . Watcher 1 | . . . 1 . . Swarmer 10 | . . . 6 4 . Grunt 22 | . . . 15 . 7 Brawler 1 | . . . 1 . . Duelist 1 | . . . . . 1 Sentry 7 | . . . 7 . . Hunter 4 | . . . . . 4 Programmer 4 | . . . . . 4 Best Kill Streak 13 | . 1 . 10 4 13 Combat Bots Only 13 | . . . 8 4 13 Max Kills in Single Turn 6 | . 1 . 2 2 6 Gunslinging . | . . . . . . Exploded 3 | . . . 1 . 3 Melee . | . . . . . . Uniques/NPCs Destroyed . | . . . . . . Combat | -11 -10 -10 -9 -9 -9 -------- Run | Yrd Mat Min Mat Min Exi Hostile Shots Fired 278 | . . . 120 18 140 Missed 77 | . . . 33 7 37 Damage Taken 2691 | . . . 1077 90 1524 Core 417 | . . . 84 6 327 Absorbed by Shields 58 | . . . 58 . . Core Remaining (%) 100 | 100 . 100 . . . Volleys Fired 95 | . 5 . 72 6 12 Largest 2 | . 2 . 2 2 2 Hottest 250 | . 60 . 88 88 250 Shots Fired 183 | . 10 . 144 12 17 Gun 10 | . 10 . . . . Cannon 173 | . . . 144 12 17 Launcher . | . . . . . . Special . | . . . . . . Kinetic 171 | . 5 . 144 12 10 Thermal 7 | . . . . . 7 Explosive . | . . . . . . Electromagnetic 5 | . 5 . . . . Robot Hit Streak 10 | . 4 . 10 2 4 Robot Miss Streak 14 | . 1 . 14 12 4 Penetration Max . | . . . . . . Secondary Targets . | . . . . . . Shots Hit Robots 145 | . 6 . 117 6 16 Core Hits 156 | . 2 . 114 8 32 Critical Kills . | . . . . . . Critical Parts Destroyed . | . . . . . . Critical Strikes . | . . . . . . Melee Attacks . | . . . . . . Impact . | . . . . . . Slashing . | . . . . . . Piercing . | . . . . . . Sneak Attacks . | . . . . . . Combat Hostiles . | . . . . . . Follow-up Attacks . | . . . . . . Damage Inflicted 3603 | . 71 . 2226 138 1168 Guns 71 | . 71 . . . . Cannons 2523 | . . . 1962 138 423 Explosions 1003 | . . . 258 . 745 Melee . | . . . . . . Ramming 6 | . . . 6 . . Kinetic 2401 | . 46 . 1962 138 255 Thermal 913 | . . . . . 913 Explosive 258 | . . . 258 . . Electromagnetic 25 | . 25 . . . . Impact . | . . . . . . Slashing . | . . . . . . Piercing . | . . . . . . Highest Corruption 8 | . 1 1 . . 8 Average Corruption 1 | . 1 1 . . 3 Corruption Purged . | . . . . . . Corruption Blocked . | . . . . . . Effects 4 | . . 2 . . 2 Message Errors 1 | . . 1 . . . Heat Flow Errors 2 | . . 1 . . 1 Data Loss (major) 1 | . . . . . 1 Overload Shots . | . . . . . . Overflow Damage 13 | . . . 3 . 10 Projectiles 7 | . . . 3 . 4 Explosions 6 | . . . . . 6 Melee . | . . . . . . Knockbacks 47 | . . . 45 . 2 Impact 1 | . . . 1 . . Kinetic 45 | . . . 44 . 1 Secondary 1 | . . . . . 1 Self-Inflicted Damage 178 | . . . 98 . 80 Shots 8 | . . . 1 . 7 Rammed 4 | . . . 4 . . Targets Rammed 5 | . . . 5 . . Kicked . | . . . . . . Crushed 1 | . . . 1 . . Highest Temperature 513 | . . 115 477 . 513 Average Temperature 118 | . . 60 115 . 141 Received Heat Transfer 583 | . . . 349 . 234 Effects 6 | . . . 4 . 2 Shutdowns 1 | . . . . . 1 Energy Bleed 4 | . . . 3 . 1 Short Circuit 1 | . . . 1 . . Siege Activations . | . . . . . . Robots Corrupted . | . . . . . . Combat Hostiles . | . . . . . . Parts Fried . | . . . . . . Impact Corruptions . | . . . . . . Robots Melted 4 | . . . . . 4 Combat Hostiles 4 | . . . . . 4 Parts Melted 16 | . . . . . 16 Heat Transferred 4880 | . . . . . 4880 Parts Sabotaged . | . . . . . . Parts Stolen . | . . . . . . Parts Stripped . | . . . . . . Power Chain Reactions . | . . . . . . Alert | -11 -10 -10 -9 -9 -9 ------- Run | Yrd Mat Min Mat Min Exi Peak Influence 632 | . 67 25 632 288 . Initial 183 | . . 25 9 183 . Average 268 | . 40 25 336 279 . Maximum Alert Level 2 | . . . 2 1 . Low Security (%) 47 | 100 100 100 34 4 . Level 1 12 | . . . 12 95 . Level 2 39 | . . . 52 . . Level 3 . | . . . . . . Level 4 . | . . . . . . Level 5 . | . . . . . . High Security . | . . . . . . Max Security . | . . . . . . Squads Dispatched 4 | . . . 4 . . Investigation 3 | . . . 3 . . Extermination . | . . . . . . Reinforcement 1 | . . . 1 . . Assault . | . . . . . . Garrison . | . . . . . . Intercept . | . . . . . . Searches Triggered . | . . . . . . Construction Impeded . | . . . . . . Haulers Reinforced . | . . . . . . Active Scanning Responses . | . . . . . . Cargo Convoy Interrupts . | . . . . . . Stealth | -11 -10 -10 -9 -9 -9 --------- Run | Yrd Mat Min Mat Min Exi Distress Signals 2 | . . . 2 . . Communications Jammed . | . . . . . . Distress Signals . | . . . . . . Times Spotted 84 | . 4 . 53 4 23 Peak Tracking Total 15 | . 3 . 9 4 15 Tactical Retreats 4 | . . . 4 . . Traps | -11 -10 -10 -9 -9 -9 ------- Run | Yrd Mat Min Mat Min Exi Traps Triggered 1 | . . . 1 . . Indirectly . | . . . . . . Trap Hack Attempts . | . . . . . . Triggered . | . . . . . . Disarmed . | . . . . . . Reprogrammed . | . . . . . . Reused . | . . . . . . Traps Extracted . | . . . . . . Installed . | . . . . . . Triggered . | . . . . . . Machines | -11 -10 -10 -9 -9 -9 ---------- Run | Yrd Mat Min Mat Min Exi Machines Disabled 9 | . . . 2 . 7 Max in Single Turn 2 | . . . 2 . 1 Machines Repaired . | . . . . . . Machines Dismantled . | . . . . . . Machines Sabotaged . | . . . . . . Overloaded Fab Kills . | . . . . . . Hacking | -11 -10 -10 -9 -9 -9 --------- Run | Yrd Mat Min Mat Min Exi Machines Accessed 19 | . 2 . 13 . 4 Terminals 11 | . 1 . 10 . . Fabricators . | . . . . . . Repair Stations . | . . . . . . Recycling Units 2 | . 1 . 1 . . Scanalyzers 2 | . . . 2 . . Garrison Access . | . . . . . . Total Hacks 71 | . 4 . 40 . 27 Successful 47 | . 3 . 17 . 27 Failed 24 | . 1 . 23 . . Catastrophic 3 | . 1 . 2 . . Database Lockouts . | . . . . . . Manual 1 | . . . . . 1 Terminals 32 | . 3 . 29 . . Fabricators . | . . . . . . Repair Stations . | . . . . . . Recycling Units 3 | . 1 . 2 . . Scanalyzers 9 | . . . 9 . . Garrison Access . | . . . . . . Terminal Hacks 39 | . 2 . 10 . 27 Record 28 | . . . 2 . 26 Prototype ID Bank 2 | . 1 . 1 . . Level Access Points 1 | . . . 1 . . Branch Access Points 1 | . 1 . . . . Emergency Access Points 1 | . . . 1 . . Unreport Threat 1 | . . . 1 . . Maintenance Status 1 | . . . 1 . . Patrol Status 1 | . . . 1 . . Hauler Manifests 1 | . . . 1 . . Registered Components 1 | . . . 1 . . Derelict Proto ID Bank 1 | . . . . . 1 Fabricator Hacks . | . . . . . . Repair Station Hacks . | . . . . . . Recycling Unit Hacks 1 | . 1 . . . . Report Inventory 1 | . 1 . . . . Scanalyzer 7 | . . . 7 . . Insert Component 4 | . . . 4 . . Analyze 3 | . . . 3 . . Garrison Access Hacks . | . . . . . . Unauthorized Hacks . | . . . . . . Terminals . | . . . . . . Fabricators . | . . . . . . Repair Stations . | . . . . . . Recycling Units . | . . . . . . Scanalyzers . | . . . . . . Garrison Access . | . . . . . . Data Cores Recovered . | . . . . . . Used . | . . . . . . Hacking Detections 13 | . 1 . 12 . . Full Trace Events 7 | . 1 . 6 . . Feedback Events 1 | . 1 . . . . Corruption 1 | . 1 . . . . Feedback Blocked . | . . . . . . Robot Schematics Acquired . | . . . . . . Robots Built . | . . . . . . Authchips . | . . . . . . Time . | . . . . . . Total Robot Build Rating . | . . . . . . Part Schematics Acquired 2 | . . . 2 . . Parts Built . | . . . . . . Authchips . | . . . . . . Time . | . . . . . . Total Part Build Rating . | . . . . . . Parts Repaired . | . . . . . . Time . | . . . . . . Parts Recycled . | . . . . . . Recycled Matter . | . . . . . . Retrieved Matter . | . . . . . . Retrieved Components . | . . . . . . Parts Scanalyzed 2 | . . . 2 . . Part Schematics Acquired 2 | . . . 2 . . Parts Damaged . | . . . . . . Bothacking | -11 -10 -10 -9 -9 -9 ------------ Run | Yrd Mat Min Mat Min Exi Used RIF Installer . | . . . . . . Robots Hacked . | . . . . . . Non-combat . | . . . . . . Combat . | . . . . . . Robot Hacks Applied . | . . . . . . Relay Couplers Released . | . . . . . . Fabnet Peak Effective % . | . . . . . . Robots Rewired . | . . . . . . Allies Hacked . | . . . . . . Hacks Repelled . | . . . . . . Allies | -11 -10 -10 -9 -9 -9 -------- Run | Yrd Mat Min Mat Min Exi Total Allies . | . . . . . . Largest Group . | . . . . . . Highest-Rated Group . | . . . . . . Highest-Rated Ally . | . . . . . . Total Orders . | . . . . . . Ally Attacks . | . . . . . . Total Damage . | . . . . . . Kills . | . . . . . . Allies Corrupted . | . . . . . . Allies Melted . | . . . . . . Intel | -11 -10 -10 -9 -9 -9 ------- Run | Yrd Mat Min Mat Min Exi Robot Analysis Total . | . . . . . . Derelict Logs Recovered 1 | . . 1 . . . Drone Launches . | . . . . . . Drone Recoveries . | . . . . . . Exploration | -11 -10 -10 -9 -9 -9 ------------- Run | Yrd Mat Min Mat Min Exi Turns Passed 2762 | 57 180 251 1734 73 467 Spaces Moved 1455 | 31 100 151 879 35 259 Core 5 | 3 . . . . 2 Treads 1433 | 28 100 148 869 35 253 Legs 3 | . . . . . 3 Wheels . | . . . . . . Hover 1 | . . . . . 1 Flight 13 | . . 3 10 . . Fastest Speed 34 | 50 160 117 34 160 120 Average Speed 160 | 149 160 159 160 160 162 Slowest Speed 500 | 160 160 160 277 160 500 Overloaded Moves . | . . . . . . Propulsion Burnouts . | . . . . . . Robots Hopped . | . . . . . . Cave-ins Triggered . | . . . . . . Exploration Rate (%) 29 | 4 27 26 69 7 42 Regions Visited 5 Branch Regions 3 Pre-discovered Areas . | . . . . . . Known Exits Taken 1 | . 1 . . . . Unknown Exits Taken 4 | 1 . 1 1 1 . Scrap Searched . | . . . . . . Spaces Dug . | . . . . . . Terrain Destroyed 51 | . . . 36 . 15 Melee . | . . . . . . Projectile 2 | . . . . . 2 AOE 49 | . . . 36 . 13 Terrain Rammed . | . . . . . . Walls Destroyed . | . . . . . . Machines Disabled . | . . . . . . Actions | -11 -10 -10 -9 -9 -9 --------- Run | Yrd Mat Min Mat Min Exi Total 1687 | 39 109 162 1050 40 287 Wait 51 | 2 . . 49 . . Move 1450 | 30 99 150 878 34 259 Hop . | . . . . . . Pick Up 12 | . 1 5 6 . . Fast Attach 29 | 6 3 1 13 . 6 Attach 8 | . . 1 4 . 3 Detach 4 | 1 . . 1 . 2 Swap 10 | . . 2 6 . 2 Drop 23 | . 1 3 16 . 3 Fire 95 | . 5 . 72 6 12 Melee . | . . . . . . Ram . | . . . . . . Kick . | . . . . . . Crush 5 | . . . 5 . . Escape Stasis . | . . . . . . Rewire . | . . . . . . Trap . | . . . . . . Miscellaneous . | . . . . . . Route ------- -11/Scrapyard -10/Materials (discovered 2 exits: *Min x2) -10/Mines -9/Materials (discovered 4 exits: *Mat x3 / [*Min]) -9/Mines -9/Exiles History --------- Turn | Location | Event 22 | -11/Scrapyard | Discovered new exit (range 15) 58 | -11/Scrapyard | Entered Materials 101 | -10/Materials | Identified exit to Mines 238 | -10/Materials | Entered Mines 256 | -10/Mines | Found a damaged Exp. Sensor Array with a note attached 259 | -10/Mines | Found Prototype Device 316 | -10/Mines | Met a Derelict bent on vengeance 317 | -10/Mines | Build established: Mutant 389 | -10/Mines | Assembled infested the area 394 | -10/Mines | Assisted by a Guerilla fighting off Assembled 446 | -10/Mines | Discovered new exit (range 6) 489 | -10/Mines | Entered Materials 489 | -9/Materials | Evolved 2 slots: Propulsion x2 535 | -9/Materials | Identified Exp. Sensor Array 1161 | -9/Materials | Destroyed 8 combat bots 1241 | -9/Materials | Discovered new exit (range 10) 1386 | -9/Materials | Identified exit to Materials 1732 | -9/Materials | Build established: Scavenger-Mutant 2195 | -9/Materials | Discovered new exit (range 6) 2223 | -9/Materials | Entered Mines 2288 | -9/Mines | Deemed a non-threat by the Exiles lab entrance 2288 | -9/Mines | Discovered new exit (range 5) 2296 | -9/Mines | Entered Exiles 2338 | -9/Exiles | Met 8R-AWN 2365 | -9/Exiles | Met EX-HEX 2413 | -9/Exiles | Met EX-BIN 2436 | -9/Exiles | Aligned with FarCom system 2437 | -9/Exiles | Given EX-Vault access code 2477 | -9/Exiles | Opened EX-Vault 2542 | -9/Exiles | Exiles lab attacked by MAIN.C 2620 | -9/Exiles | Found Firepult 2733 | -9/Exiles | Core integrity fell below 50% 2759 | -9/Exiles | Core integrity fell below 20% 2761 | -9/Exiles | Destroyed 13 combat bots 2763 | -9/Exiles | Destroyed by H-55 Commando with Gauss Rifle Last Messages --------------- 02753_ Cooling System destroyed. 02753_ System corrupted by crushing effect (+3). 02753_ Knocked back. 02755_ Penetrated by Slug. 02756_ H-55 Commando heat damages Assault Rifle, Unknown Processor, Gauss Rifle, Carbon-fiber Leg. 02758_ System corrupted: Heat flow error (+248). 02758_ Penetrated by Slug. 02758_ Critical hit (Destroy). 02758_ Firepult destroyed. 02759_ Overheating: Energy bleed (-19). 02759_ Acquired Aluminum Leg. 02759_ Mic. Nuclear Core destroyed. 02759_ System corrupted by crushing effect (+1). 02761_ Critical hit (Destroy). 02761_ Imp. Heat Sink destroyed. 02761_ Penetrated by Slug. 02761_ Acquired 50 matter. 02763_ Penetrated by Slug. Map ----- +----------------------------------------------------+ | ??????????# #########????????????????????????? | | ??????????# ##""""""#????????????????????????? | | ??????????# ## """#????????????????????????? | | ??????????# X""#????????????????????????? | | ??????????# ## """#????????????????????????? | | ??######### ##""""""#????????????????????????? | | ??#""""""## #########????????????????????????? | | ??#"""" ## #????????????????????????????????? | | ??#""X" #????????????????????????????????? | | ??#" #????????????????????????????????? | | ??#" ## #????????????????????????????????? | | ??#""""""## #?#########??????????????????????? | | ??##"###### #?#"""""""#??????????????????????? | | ?? "?????# #?#"""""""#??????????????????????? | | ?""" ?????# #?#"""""""#??????????????????????? | | ?""" ????## ###"" """"#??????????????????????? | | ???" ????#" """"#??????????????????????? | | ???##????# """#??????????????????????? | | ?????????# """#??????????????????????? | | ?????????# """#???"??????????????????? | | ?????????# *"""#??""??????????????????? | | ?????????# [= %* ""## "???????????????????? | | ?????????## g% [= """"?????????????????????? | | ??????????# g=%%% ######?????????????????? | | ??????????#" =%[g b " #?????????????????? | | ??????????#" g ! @# """#?????????????????? | | ??????????# h h [| #??""#?????????????????? | | ?????????## #########????#?????????????????? | | ????????## ###??????????????????????????????? | | ??????### #????????????????????????????????? | | ?????"""" ##???????????????????????????????? | | ????"" ##???###########????????????????? | | ???""" #####"""""""""##???????????????? | | ?? " % " """ """"##??????????????? | | % "" " #??????????????? | | ! " """#??????????????? | | =%% [ " "#???????????#### | | ? *%= " "##?????????##" | | ?% ""###???????#" | | ? """#??????##" | | ?? ## # " "#????### | | ?? ""#? #####""" ##???# | | ????"????? ????##""" ##?## | | ?????????????????#"""" ### | | ?????????????????#"" ## | | ?????????????????"""" #### | | ?????????????????? ""#?#" | | ?????????????????? #"""##?## | | ????????????????? ######???? | | ????????????????? ##????????? | +----------------------------------------------------+ Best States ------------- Heat Dissipation 72 Energy Generation 15 Energy Capacity 280 Matter Stores 300 Matter Capacity 300 Sight Range 16 Robot Scan Range 20 Terrain Scan Density 10 ECM Strength 1 Armor Coverage 225 Evasion (%) 40 Recoil Reduction 4 Item Schematics ----------------- Imp. Flight Unit | -9/Materials | Scanalyzed Flak Cannon | -9/Materials | Scanalyzed Robot Schematics ------------------ None Fabricated ------------ Nothing Alien Tech Used ----------------- None Achievements -------------- More Dakka Please Challenges ------------ None Game ------ Seed CoilAluminumStabilizer Manual? 0 Play Time 00:35:14 Cumulative 13.3 hours Start 2024.08.14 @ 18:56:40 End 2024.08.14 @ 19:35:43 Sessions 1 Manual Loads 0 Difficulty Rogue Special Mode None Game No. 8 Rogue 8 Adventurer 0 Explorer 0 Win Type - Total 0 Types 0/0/0/0/0/0/0/0/0 Lore% 9 Gallery% 14 Achievement% 18 Wizard Run 0 Options --------- Layout 1 ASCII 0 Keyboard 0 Movement Numpad Keybinds 0 Fullscreen 1 Font 24/Smallcaps Map View 50x35 Zoom Use 0% Tactical HUD 1 Map Filters NONE Filters NONE Steam 1 RUN: 2683c653-1b2b-4df5-a32d-b7ee32a12901